 Dungeon Crawl Stone Soup version 0.28.0 (webtiles) character file.

Game seed: 5569760755273855793

835 Acheron the Shooter (level 7, -5/35 HPs)
             Began as a Vine Stalker Hunter on Feb 17, 2022.
             Slain by an orc warrior (9 damage)
             ... on level 8 of the Dungeon.
             The game lasted 00:34:32 (5241 turns).

Acheron the Shooter (Vine Stalker Hunter)           Turns: 5241, Time: 00:34:33

Health: -5/35      AC:  8    Str: 14    XL:     7   Next: 99%
Magic:  0/10       EV: 12    Int: 14    God:
Gold:   355        SH:  0    Dex: 17    Spells: 5/9 levels left

rFire   . . .      SeeInvis .   p - +2 dagger (pain)
rCold   . . .      Faith    .   (no shield)
rNeg    . . .      Spirit   +   c - +0 leather armour
rPois   .          Reflect  .   r - +2 helmet {Int+3}
rElec   .          Harm     .   g - +1 cloak
rCorr   .          Rampage  .   (no gloves)
Will    .....                   (no boots)
Stlth   +++.......              (no amulet)
HPRegen 0.91/turn               (no ring)
MPRegen 0.12/turn               (no ring)

@: no status effects
A: fangs 2, regeneration 1, magic shield, antimagic bite, no potion heal 2
a: no special abilities


You were on level 8 of the Dungeon.
You visited 1 branch of the dungeon, and saw 9 of its levels.
You also visited: Sewer.

You collected 355 gold pieces.

Inventory:

Hand Weapons
 a - a +1 short sword of protection
 b - a +1 shortbow
 p - a +2 dagger of pain (weapon)
Missiles
 d - 67 arrows
 e - 11 poisoned darts (quivered)
 f - 151 stones
Armour
 c - a +0 leather armour (worn)
 g - a +1 cloak (worn)
 r - a +2 helmet of intelligence (worn)
Magical Staves
 k - a staff of earth
Jewellery
 i - a ring of fire
 l - a ring of ice
Wands
 h - a wand of digging (9)
Scrolls
 n - a scroll of enchant weapon
 u - a scroll of fear
 v - a scroll of teleportation
Potions
 j - a potion of lignification {unknown}
 m - 3 potions of mutation
 o - 2 potions of curing
 q - a potion of attraction {unknown}
 s - a potion of berserk rage {unknown}
 t - a potion of invisibility {unknown}
 w - a potion of resistance {unknown}


   Skills:
 * Level 2.9 Fighting
 + Level 2.5 Short Blades
 + Level 4.7 Bows
 * Level 2.4 Armour
 * Level 2.9 Dodging
 * Level 4.1 Stealth
 * Level 1.7 Spellcasting
 * Level 1.6 Conjurations
 * Level 1.6 Earth Magic
 * Level 1.4 Evocations


You had 5 spell levels left.
You knew the following spells:

 Your Spells              Type           Power      Damage    Failure   Level
a - Sandblast             Erth           10%        2d5       16%         1
b - Stone Arrow           Conj/Erth      10%        3d7       43%         3

Your spell library contained the following spells:

 Spells                   Type           Power      Damage    Failure   Level
 Passwall                 Tmut/Erth      2%         N/A       32%         2
 Animate Armour           Summ/Erth      6%         N/A       91%         4
 Lehudib's Crystal Spear  Conj/Erth      2%         10d2      100%        8


Dungeon Overview and Level Annotations

Branches:
Dungeon (9/15)              Sewer (visited)
 Temple: D:4-7         Lair: D:8-11         Orc: D:9-12

Altars:
Wu Jian

Annotations:
D:4 exclusion: 2 downstairs


Innate Abilities, Weirdness & Mutations

You have extremely sharp teeth.
Your natural rate of healing is unusually fast.
When hurt, damage is shared between your health and your magic reserves.
Your bite disrupts and absorbs the magic of your enemies.
Potions cannot restore your health.


Message History

Press: ? - help, Q - select action, (/) - cycle Shift-Dir - straight line, f/p - orc warrior
Aim: an orc warrior, wielding a +0 long sword and wearing a +0 plate armour (heavily wounded, 64% to hit)
You shoot an arrow.
The arrow hits the orc warrior but does no damage.
The orc warrior is heavily wounded.
The orc warrior closely misses you.
Fire: 71 arrows
Press: ? - help, Q - select action, (/) - cycle Shift-Dir - straight line, f/p - orc warrior
Aim: an orc warrior, wielding a +0 long sword and wearing a +0 plate armour (heavily wounded, 64% to hit)
You shoot an arrow.
The arrow closely misses the orc warrior.
The orc warrior hits you with a +0 long sword.
Fire: 70 arrows
Press: ? - help, Q - select action, (/) - cycle Shift-Dir - straight line, f/p - orc warrior
Aim: an orc warrior, wielding a +0 long sword and wearing a +0 plate armour (heavily wounded, 64% to hit)
You shoot an arrow.
The arrow hits the orc warrior but does no damage.
The orc warrior is heavily wounded.
The orc warrior hits you with a +0 long sword.
Fire: 69 arrows
Press: ? - help, Q - select action, (/) - cycle Shift-Dir - straight line, f/p - orc warrior
Aim: an orc warrior, wielding a +0 long sword and wearing a +0 plate armour (heavily wounded, 64% to hit)
You shoot an arrow.
The arrow closely misses the orc warrior.
The orc warrior completely misses you.
The orc warrior hits you with a +0 long sword!
* * * LOW HITPOINT WARNING * * *
Fire: 68 arrows
Press: ? - help, Q - select action, (/) - cycle Shift-Dir - straight line, f/p - orc warrior
Aim: an orc warrior, wielding a +0 long sword and wearing a +0 plate armour (heavily wounded, 64% to hit)
You shoot an arrow. The arrow hits the orc warrior.
The orc warrior is heavily wounded.
The orc warrior hits you with a +0 long sword!
* * * LOW HITPOINT WARNING * * *
You have a feeling of ineptitude.
p - a +2 dagger of pain (weapon)
You barely miss the orc warrior.
The orc warrior is heavily wounded.
The orc warrior hits you with a +0 long sword!
You die...

.#####...........####........#
....................'......(.+
.............#.######........#
.#####.......#......#........#
.### #.......#......######...#
(..###.#####.#......# #...#
.....>.......#......# #####
###.##.#######.########
................@oo...#
###..#######....##(((.# #...#
#....# ...# #.#.# #....# .(..
#.#.## #....# ... ###+#..#
#....# .. .......# #..... #
.......# ###.### .......#


You could see an orc warrior and an orc.

Vanquished Creatures
  A water moccasin (D:4)
  Pargi (Sewer)
  A black bear (D:4)
  A sky beast (D:5)
  2 bullfrogs
  A scorpion (D:4)
  A centaur zombie (D:7)
  A jelly (D:4)
  An orc wizard (D:8)
  A hound zombie (D:5)
  Robin (D:2)
  3 adders (D:2)
  A shadow imp (D:7)
  2 ufetubi (D:4)
  A worm (D:3)
  3 dart slugs
  12 orcs
  7 ball pythons
  4 endoplasms
  5 giant cockroaches
  8 hobgoblins
  4 jackals (D:1)
  13 kobolds
  7 bats
  4 frilled lizards (D:1)
  19 goblins
  3 rats
108 creatures vanquished.

Vanquished Creatures (collateral kills)
  A quokka (D:4)
1 creature vanquished.

Vanquished Creatures (others)
  2 plants (D:7)
2 creatures vanquished.

Grand Total: 111 creatures vanquished

Notes
Turn   | Place    | Note
-------+----------+-------------------------------------------
     0 | D:1      | Acheron the Vine Stalker Hunter began the quest for the
                  | Orb.
     0 | D:1      | Reached XP level 1. HP: 11/11 MP: 2/2
   217 | D:3      | Found a glowing drain.
   247 | D:3      | Reached XP level 2. HP: 15/15 MP: 3/3
   312 | Sewer    | Entered a sewer
   743 | Sewer    | Noticed Pargi
   791 | Sewer    | Killed Pargi
   792 | Sewer    | Reached skill level 1 in Armour
   792 | Sewer    | Reached XP level 3. HP: 18/18 MP: 2/4
   792 | Sewer    | Gained mutation: Your natural rate of healing is unusually
                  | fast. [Vine Stalker growth]
   792 | Sewer    | Reached XP level 4. HP: 23/23 MP: 2/5
   916 | D:3      | Reached XP level 5. HP: 26/26 MP: 6/6
  1443 | D:2      | Noticed Robin
  1484 | D:2      | Killed Robin
  1487 | D:2      | Reached skill level 1 in Short Blades
  2754 | D:5      | Entered Level 5 of the Dungeon
  2798 | D:5      | Learned a level 1 spell: Sandblast
  2802 | D:5      | Learned a level 3 spell: Stone Arrow
  2806 | D:5      | Noticed a black bear
  2827 | D:5      | Noticed a sky beast
  2870 | D:5      | Found an ornate altar of the Wu Jian Council.
  2982 | D:6      | Noticed a black bear
  2997 | D:5      | Reached XP level 6. HP: 28/31 MP: 7/7
  3173 | D:4      | Noticed a water moccasin
  3622 | D:4      | Killed a water moccasin
  3623 | D:4      | Reached XP level 7. HP: 35/35 MP: 7/9
  3628 | D:4      | Reached skill level 1 in Spellcasting
  4032 | D:6      | Noticed a human
  4032 | D:6      | Noticed a human
  4032 | D:6      | Noticed a human
  4032 | D:6      | Noticed a human
  4032 | D:6      | Noticed a human
  4046 | D:6      | Noticed a human
  4148 | D:5      | Reached skill level 1 in Conjurations
  4187 | D:5      | Reached skill level 1 in Earth Magic
  4187 | D:5      | Reached skill level 1 in Evocations
  5076 | D:8      | Noticed a yak
  5091 | D:9      | Noticed a steam dragon
  5241 | D:8      | Slain by an orc warrior

Illustrated notes

Levels and vault maps discovered:
D:1:      roderic_crossed_star, layout_basic, chequers_serial_rivers_small_3,
          minmay_pentomino_o4
D:2:      layout_basic, nicolae_figureground_sparkle, uniq_robin
D:3:      layout_loops_ring, hellmonk_ecumenical_altar_prayer_group,
          portal_sewer_entry_c, st_stairs_2
D:4:      layout_basic
D:5:      layout_rooms, mainiacjoe_overflow_concentric_impassable,
          serial_curves, eino_curves_02, eino_curves_02
D:6:      layout_loops_ring, minmay_temple_entry_drinking_statues,
          ebering_ghost_sewer_f, serial_shops, nicolae_shop_trees,
          minmay_ruffians
D:7:      layout_loops_ring, corexii_checkpoint_a, serial_bayou_crossing
D:8:      layout_basic, corexii_checkpoint_a, serial_bayou_lagoon_a,
          minmay_misc_feat_room
D:9:      layout_roguey, lair_entry_dummy, zombieorc1_lemuel, serial_shops,
          shop, minmay_misc_feat_nine_boxes, uniq_pikel

Skill      XL: |  1  2  3  4  5  6  7 |
---------------+----------------------+-----
Bows           | 4 |  4.7
Fighting       | 2 |  2.9
Armour         | 1 2 |  2.4
Stealth        | 2 3 4 |  4.1
Dodging        | 2 |  2.9
Short Blades   | 1 2 |  2.5
Spellcasting   | 1 |  1.7
Conjurations   | 1 |  1.6
Earth Magic    | 1 |  1.6
Evocations     | 1 |  1.4

Action                   |  1- 3 |  4- 6 |  7- 9 || total
-------------------------+-------+-------+-------++-------
Melee: Short sword       |    40 |   211 |   113 ||   364
       Bite              |    13 |    48 |    29 ||    90
       Punch             |     1 |     2 |     1 ||     4
       Dagger            |       |       |     1 ||     1
 Fire: Shortbow          |    12 |       |    17 ||    29
Throw: Boomerang         |       |       |     2 ||     2
Evoke: Wand              |       |     2 |     3 ||     5
  Use: Scroll            |     5 |     4 |     7 ||    16
       Potion            |     1 |       |     1 ||     2
 Stab: Sleeping          |     2 |     8 |       ||    10
       Distracted        |       |     1 |       ||     1
Armor: Leather armour    |    18 |   106 |    79 ||   203
Dodge: Dodged            |    32 |   148 |   104 ||   284
